 Seeded DCSS version 0.30-a0-218-gedb9141078 (webtiles) character file.

Game seed: 6300256942236829864 (custom seed)

9 Iusername the Trooper (level 2, 27/27 HPs)
             Began as a Minotaur Fighter on Oct 5, 2022.
             Quit the game on level 1 of the Dungeon.
             The game lasted 00:00:23 (85 turns).

Iusername the Trooper (Minotaur Fighter)              Turns: 85, Time: 00:00:23

Health: 27/27      AC:  7    Str: 20    XL:     2   Next: 3%
Magic:  1/1        EV:  9    Int:  5    God:
Gold:   0          SH:  4    Dex:  9    Spells: 1/1 levels left

rFire   . . .      SeeInvis .    a - +0 trident
rCold   . . .      Faith    .    c - +0 buckler
rNeg    . . .      Spirit   .    b - +0 scale mail
rPois   .          Reflect  .    (helmet restricted)
rElec   .          Harm     .    (no cloak)
rCorr   .          Rampage  .    (no gloves)
Will    .....                    (no boots)
Stlth   ..........               (no amulet)
HPRegen 0.24/turn                (no ring)
MPRegen 0.07/turn                (no ring)

@: no status effects
A: horns 2, retaliatory headbutt
a: no special abilities


You were on level 1 of the Dungeon.
You visited 1 branch of the dungeon, and saw 1 of its levels.

Inventory:

Hand Weapons
 a - a +0 trident (weapon)
Armour
 b - a +0 scale mail (worn)
 c - a +0 buckler (worn)
Scrolls
 f - a scroll of magic mapping {unknown}
 h - a scroll of acquirement
Potions
 d - a potion of might
 e - 2 potions of heal wounds {unknown}
 g - a potion of ambrosia {unknown}
 i - a potion of lignification {unknown}


   Skills:
 + Level 3.9 Fighting
 + Level 2.5 Polearms
 + Level 3.8 Armour
 + Level 3.8 Shields


You had one spell level left.
You didn't know any spells.
Your spell library was empty.

Dungeon Overview and Level Annotations

Branches:
Dungeon (1/15)

Altars:


Innate Abilities, Weirdness & Mutations

You have a pair of horns on your head.
You reflexively headbutt those who attack you in melee.


Message History

You barely miss the giant cockroach. You headbutt the giant cockroach.
You kill the giant cockroach!
HP restored.
h - a scroll labelled RUNAEV USCHUX You see here a jackal corpse.
i - a cyan potion No target in view!
Found a stone.
No target in view!
Found a hand axe.
Found a faded altar of an unknown god.
No target in view!
A kobold comes into view. It is wielding a +0 short sword.
The kobold shouts!
You hear a shout!
A kobold comes into view. It is wielding a +0 dagger.
You see here a golden potion.
A giant cockroach comes into view.
You closely miss the giant cockroach.
The giant cockroach bites you but does no damage.
You barely miss the giant cockroach.
The giant cockroach closely misses you. x2
You closely miss the kobold. Your headbutt misses the kobold.
The kobold hits you but does no damage. The giant cockroach barely misses you.
The kobold hits you with a +0 dagger.
You closely miss the kobold. The giant cockroach barely misses you.
The kobold barely misses you.
You hit the kobold.
You kill the kobold!
The giant cockroach bites you but does no damage.
The kobold hits you but does no damage. The giant cockroach closely misses you.
You hit the kobold but do no damage. The kobold closely misses you.
The giant cockroach bites you but does no damage.
You hit the kobold.
You kill the kobold!
The giant cockroach misses you.
The giant cockroach bites you but does no damage.
You hit the giant cockroach.
You kill the giant cockroach!
You have reached level 2!
This is a scroll of acquirement!
Unknown command.
Are you sure you want to abandon this character and quit the game? (Confirm with "yes".)

.......<. .# ...
#######.# ..###.. ...
. #.# ...#.. .#
...##.#.# ..... ###.#
....#.#.# #... ..#.#
......#.# #.. ...#
......... #.)###..#
#........ ##.)@.#..#
#######.# #..†(!#..#
#.....
#...##....#######.....
#... #................
#.. ###.....####†)...
#.. #....#.........#
#. #....#.........# #.
#......#..........
_#.....#.........#


There were no monsters in sight!

Vanquished Creatures
  2 giant cockroaches (D:1)
  2 jackals (D:1)
  3 kobolds (D:1)
7 creatures vanquished.

Notes
Turn   | Place    | Note
-------+----------+-------------------------------------------
     0 | D:1      | Iusername the Minotaur Fighter began the quest for the Orb.
     0 | D:1      | Reached XP level 1. HP: 19/19 MP: 0/0
    70 | D:1      | Found a faded altar of an unknown god.
    85 | D:1      | Reached XP level 2. HP: 27/27 MP: 1/1
    85 | D:1      | Identified a scroll of acquirement
    85 | D:1      | Quit the game

Illustrated notes

Levels and vault maps discovered:
D:1:      matt_arrival_grand_opening, layout_rooms,
          ebering_ecumenical_altar_rust, minmay_misc_feat_rows

Action                   || total
-------------------------++-------
Melee: Trident           ||    15
       Headbutt          ||     3
Armor: Scale mail        ||    12
Dodge: Dodged            ||    12
Block: Buckler           ||     1

Table legend: (Time is in decaauts)
 A = Elapsed time spent in this place.
 B = Non-inter-level travel time spent in this place.
 C = Inter-level travel time spent in this place.
 D = Time resting spent in this place.
 E = Time spent auto-exploring this place.
 F = Levels seen in this place.
 G = Mean time per level.
                   A        B        C        D        E       F      G
               +--------+--------+--------+--------+--------+-----+--------+
         Total |     88 |     88 |      0 |      0 |     56 |   1 |   88.0 |
       Dungeon |     88 |     88 |      0 |      0 |     56 |   1 |   88.0 |
               +--------+--------+--------+--------+--------+-----+--------+

Top non-repeatable levels by time:
     D:1: 88 daAuts
